 Dungeon Crawl Stone Soup version 0.19.0-19-g8c6edcc (webtiles) character file.

31721 Mesmaeker13 the Infuser (level 13, -6/94 HPs)
             Began as a Demonspawn Skald on Nov 15, 2016.
             Was an Elder of Ashenzari.
             Mangled by a ten-headed hydra (9 damage)
             ... on level 5 of the Lair of Beasts.
             The game lasted 01:00:49 (18814 turns).

Mesmaeker13 the Infuser (Demonspawn Skald)         Turns: 18814, Time: 01:00:50

Health: -6/94      AC: 12    Str: 13    XL:     13   Next: 27%
Magic:  0/26       EV: 14    Int: 17    God:    Ashenzari [****..]
Gold:   590        SH: 11    Dex: 14    Spells: 4 memorised, 10 levels left

rFire  . . .     SeeInvis +     s - +2 war axe (freeze)
rCold  + . .     Gourm    .     b - +0 leather armour
rNeg   . . .     Faith    .     d - +0 shield
rPois  .         Spirit   +     m - +0 helmet (curse)
rElec  .         Reflect  .     a - +2 cloak {MR+}
rCorr  .         Harm     .     (gloves unavailable)
MR     +....     Clarity  +     o - +1 pair of boots (curse)
Stlth  +.........               Q - amulet of guardian spirit
                                D - +4 ring of slaying
                                v - ring of magical power

@: no status effects
A: claws 3, icy blue scales 2, cold resistance 1, demonic guardian 1, spiny 2
a: Curse Item, Scrying, Renounce Religion


You were on level 5 of the Lair of Beasts.
You worshipped Ashenzari.
Ashenzari was greatly pleased with you.
You were not hungry.

You visited 3 branches of the dungeon, and saw 18 of its levels.
You also visited: Ice Cave.

You collected 590 gold pieces.

Inventory:

Hand Weapons
 f - a +1 great sword of distortion
 i - the +8 glaive of Ficrul {pain, rN+}
   (You found it in an ice cave)

   In the hands of one skilled in necromantic magic, it inflicts extra damage on
   living creatures.
   It protects you from negative energy.
 s - a +2 war axe of freezing (weapon)
 A - a +2 flail of crushing
Missiles
 r - 24 tomahawks (quivered)
Armour
 a - a +2 cloak of magic resistance (worn)
 b - a +0 leather armour (worn)
 d - a +0 shield (worn)
 m - a cursed +0 helmet (worn)
 o - a cursed +1 pair of boots (worn)
Jewellery
 g - an uncursed ring of positive energy
 v - a ring of magical power (left claw)
 D - a +4 ring of slaying (right claw)
 Q - an amulet of guardian spirit (around neck)
Wands
 H - a wand of heal wounds (3/9)
 W - a wand of iceblast (0/15)
Scrolls
 e - 6 scrolls of blinking
 h - 7 scrolls of remove curse
 j - 6 scrolls of enchant armour
 n - 5 scrolls of magic mapping
 p - 2 scrolls of fear
 u - 6 scrolls of teleportation
 w - a scroll of identify
 B - a scroll of enchant weapon {unknown}
 C - a scroll of fog
 I - 2 scrolls of recharging
 R - a scroll of immolation
Potions
 c - a potion of lignification
 l - 2 potions of cancellation
 t - 4 potions of flight
 x - 3 potions of ambrosia
 E - a potion of might
 G - 4 potions of curing
 O - 2 potions of brilliance
 P - 2 potions of haste
 Y - 2 potions of agility
Books
 y - a book of Changes

   Spells                             Type                      Level
   a - Beastly Appendage              Transmutation                1
   b - Sticks to Snakes               Transmutation                2
   c - Spider Form                    Transmutation/Poison         3
   d - Ice Form                       Ice/Transmutation            4
   e - Blade Hands                    Transmutation                5
Comestibles
 k - 6 fruits
 q - 12 royal jellies
 z - 6 bread rations
 F - a chunk of flesh


   Skills:
 - Level 6.5 Fighting
 - Level 3.1 Long Blades
 + Level 9.8(10.4) Axes
 + Level 5.5(8.4) Maces & Flails
 - Level 0.8 Armour
 + Level 5.9 Dodging
 - Level 9.1 Shields
 - Level 3.2 Spellcasting
 + Level 9.9 Charms
 - Level 5.3 Translocations
 + Level 5.8 Ice Magic


You had 10 spell levels left.
You knew the following spells:

 Your Spells              Type           Power        Failure   Level  Hunger
a - Infusion              Chrm           ####         1%          1    None
b - Song of Slaying       Chrm           #####...     1%          2    ##.....
c - Shroud of Golubria    Chrm/Tloc      ####......   3%          2    ##.....
d - Ozocubu's Armour      Chrm/Ice       ####....     8%          3    ###....


Dungeon Overview and Level Annotations

Branches:
Dungeon (11/15)            Temple (1/1) D:5            Lair (6/6) D:9
 Shoals (0/4) Lair:4        Snake (0/4) Lair:4          Orc (0/2) D:9
  Slime: Lair:5-6

Altars:
Ashenzari
Cheibriados
Dithmenos
Elyvilon
Fedhas
Gozag
Hepliaklqana
Kikubaaqudgha
Makhleb
Nemelex Xobeh
Okawaru
Qazlal
Ru
Sif Muna
Trog
Uskayaw
Vehumet
Xom
Yredelemnul
Zin
The Shining One

Shops:
D:7 (

Annotations:
D:8 Maurice
D:11 Sonja


Innate Abilities, Weirdness & Mutations

You have claws for hands.
You are mostly covered in icy blue scales. (AC +3)
Your flesh is cold resistant. (rC+)
A weak demonic guardian rushes to your aid.
You are mostly covered in sharp spines.


Message History

The nine-headed hydra bites you.
* * * LOW HITPOINT WARNING * * *
The nine-headed hydra bites you but does no damage.
Unknown command.
Unknown command.
Unknown command.
You chop one of the nine-headed hydra's heads off!
The eight-headed hydra grows two more!
You slice the ten-headed hydra!!
The ten-headed hydra seems to slow down.
You freeze the ten-headed hydra.
The ten-headed hydra is almost dead.
You block the ten-headed hydra's attack.
The ten-headed hydra bites you!
* * * LOW HITPOINT WARNING * * *
You block the ten-headed hydra's attack.
The ten-headed hydra bites you!
* * * LOW HITPOINT WARNING * * *
You block the ten-headed hydra's attack.
The ten-headed hydra bites you!
You die...

#..#.....##..#######.#
♣..# * #......####
**..># ♣..# ##P...###
...## ♣..# #.....# #...#
♣..# ##..#### ......
♣... ,
*#.P'PP.#######......
♣...
##...........P....... *
♣♣♣♣ ,
#........##..D.......,,,
♣ ,#P.......P..@#.......
♣♣♣
#.?.......'..###...... *
#.. , +.+........###*
...... ##..
..#.........# *, .....,,
#... ..######...##
....., ##.. ##.#. ,....
* #.. ##### ,,...., #.#
* * * ### * *


You could see a ten-headed hydra.

Vanquished Creatures
  Rupert (Lair:5)
  A hydra (Lair:5)
  Urug (Lair:5)
  Pikel (D:4)
  A hill giant (D:11)
  A necromancer (IceCv)
  A manticore (D:11)
  A siren (Lair:4)
  An ugly thing (D:11)
  Psyche (D:8)
  3 ice statues (IceCv)
  3 black mambas
  7 spiny frogs
  7 ice devils
  5 komodo dragons
  4 trolls
  The ghost of Vajrapani the Ruffian, an amateur DrTm (D:5)
  A queen bee (Lair:3)
  5 polar bears
  4 blink frogs (Lair:3)
  8 hippogriffs
  2 wyverns
  7 yaks
  3 basilisks
  Grum (D:11)
  Menkaure (D:7)
  2 nagas (Lair:4)
  6 water moccasins
  10 porcupines
  4 orc warriors
  8 black bears
  4 ice beasts
  4 phantoms
  3 sky beasts
  8 wolves
  11 ogres
  11 crocodiles
  5 centaurs
  A big kobold (D:7)
  13 bullfrogs
  6 scorpions
  A water moccasin skeleton (D:4)
  34 killer bees
  A crimson imp (D:10)
  A centaur zombie (D:8)
  9 hounds
  A quasit (D:8)
  3 draconian simulacra (IceCv)
  2 jellies
  4 orc priests
  5 orc wizards
  2 centaur skeletons
  Ijyb (D:3)
  9 worker ants
  5 hell rats (Lair:4)
  A spriggan simulacrum (IceCv)
  5 troll simulacra (IceCv)
  A hound zombie (D:5)
  A hound skeleton (D:8)
  A howler monkey zombie (D:5)
  Robin (D:3)
  8 gnolls
  6 river rats (D:9)
  7 adders
  An ogre simulacrum (IceCv)
  3 shadow imps
  2 oozes
  4 adder skeletons
  A worm (D:3)
  2 dart slugs (D:1)
  5 leopard geckos
  31 orcs
  5 bats
  8 giant cockroaches
  25 goblins
  8 hobgoblins
  14 jackals
  10 kobolds
  6 quokkas
  3 ball pythons
  5 frilled lizards
  A jackal skeleton (D:8)
  9 rats
  2 fungi
  3 plants
425 creatures vanquished.

Vanquished Creatures (collateral kills)
  A hydra (Lair:5)
  Erica (Lair:2)
  A black mamba (Lair:3)
  A spiny frog (Lair:2)
  A hippogriff (Lair:2)
  A black bear (D:5)
  A wolf (Lair:2)
  2 centaurs
  A bullfrog (Lair:2)
  A howler monkey (D:4)
  A gnoll (D:5)
  2 orcs
  A goblin (D:3)
  A kobold (D:3)
  A frilled lizard (D:4)
  A fungus (Lair:5)
18 creatures vanquished.

Vanquished Creatures (others)
  A leopard gecko skeleton (D:4)
  A bush (D:8)
  23 fungi
  9 plants
34 creatures vanquished.

Grand Total: 477 creatures vanquished

Notes
Turn   | Place    | Note
-------+----------+-------------------------------------------
     0 | D:1      | Mesmaeker13 the Demonspawn Skald began the quest for the Orb.
     0 | D:1      | Reached XP level 1. HP: 16/16 MP: 3/3
   207 | D:1      | Gained mutation: A weak demonic guardian rushes to your aid. [demonic ancestry]
   207 | D:1      | Reached XP level 2. HP: 11/22 MP: 3/5
   967 | D:1      | Gained mutation: You are partially covered in icy blue scales. (AC +2) [demonic ancestry]
   967 | D:1      | Reached XP level 3. HP: 22/28 MP: 0/6
   979 | D:2      | Learned a level 2 spell: Song of Slaying
  1174 | D:2      | Found a hide-covered altar of Uskayaw.
  1175 | D:2      | Found an ancient bone altar of Kikubaaqudgha.
  1175 | D:2      | Found a radiant altar of Vehumet.
  1178 | D:2      | Found a blossoming altar of Fedhas.
  1179 | D:2      | Found a glowing golden altar of the Shining One.
  1535 | D:2      | Reached XP level 4. HP: 16/34 MP: 2/7
  1884 | D:3      | Found an iron altar of Okawaru.
  1999 | D:3      | Learned a level 2 spell: Shroud of Golubria
  2536 | D:3      | Gained mutation: You have sharp fingernails. [demonic ancestry]
  2536 | D:3      | Reached XP level 5. HP: 24/41 MP: 9/9
  2562 | D:3      | Noticed Robin
  2805 | D:3      | Killed Robin
  3128 | D:3      | Noticed Ijyb
  3141 | D:3      | Killed Ijyb
  3373 | D:4      | Noticed a centaur
  3380 | D:4      | Killed a centaur
  3380 | D:4      | Gained mutation: You are partially covered in sharp spines. [demonic ancestry]
  3380 | D:4      | Reached XP level 6. HP: 33/48 MP: 10/10
  3528 | D:4      | Reached skill level 1 in Shields
  3863 | D:4      | Noticed Pikel
  3863 | D:4      | Noticed a slave
  3863 | D:4      | Noticed a slave
  3863 | D:4      | Noticed a slave
  3863 | D:4      | Noticed a slave
  3888 | D:4      | Killed Pikel
  3888 | D:4      | Reached skill level 5 in Fighting
  3888 | D:4      | Reached skill level 5 in Charms
  3888 | D:4      | Gained mutation: You are mostly covered in icy blue scales. (AC +3) [demonic ancestry]
  3888 | D:4      | Reached XP level 7. HP: 20/56 MP: 9/11
  4258 | D:5      | Entered Level 5 of the Dungeon
  4281 | D:5      | Gained mutation: You are mostly covered in sharp spines. [demonic ancestry]
  4281 | D:5      | Reached XP level 8. HP: 20/63 MP: 12/12
  4592 | D:5      | Reached skill level 1 in Maces & Flails
  4683 | D:5      | Found a staircase to the Ecumenical Temple.
  4715 | Temple   | Entered the Ecumenical Temple
  4786 | Temple   | Became a worshipper of Ashenzari the Shackled
  4852 | D:5      | Noticed Vajrapani's ghost (amateur DrTm)
  4950 | D:6      | Reached skill level 1 in Axes
  6065 | D:7      | Noticed Menkaure
  6072 | D:7      | Killed Menkaure
  6072 | D:7      | Gained mutation: You have very sharp fingernails. [demonic ancestry]
  6072 | D:7      | Reached XP level 9. HP: 71/71 MP: 13/13
  6092 | D:7      | Reached skill level 5 in Shields
  6599 | D:7      | Found Kyus's Weapon Shop.
  6643 | D:7      | Reached * piety under Ashenzari
  6819 | D:8      | Noticed Maurice
  6835 | D:8      | Paralysed by something for 6 turns
  7265 | D:8      | Got the hand crossbow of Ehaniadi {elec, rN+ Dex+4 Stlth-}
  7679 | D:8      | Noticed Psyche
  7688 | D:8      | Killed Psyche
  7849 | D:8      | Paralysed by Maurice for 6 turns
  8005 | D:8      | Reached XP level 10. HP: 69/77 MP: 14/14
  8007 | D:8      | Reached skill level 5 in Axes
  8273 | D:5      | Killed Vajrapani's ghost
  8301 | D:5      | Found a glowing silver altar of Zin.
  8448 | D:9      | Reached skill level 1 in Translocations
  8497 | D:9      | Found a sparkling altar of Nemelex Xobeh.
  8651 | D:9      | Found a staircase to the Lair.
  8767 | D:9      | Reached ** piety under Ashenzari
  8851 | D:9      | Found a staircase to the Orcish Mines.
  8969 | D:10     | Entered Level 10 of the Dungeon
  9663 | D:11     | Noticed Grum
  9669 | D:11     | Gained mutation: Your flesh is cold resistant. (rC+) [demonic ancestry]
  9669 | D:11     | Reached XP level 11. HP: 66/83 MP: 15/15
  9677 | D:11     | Killed Grum
 10220 | D:11     | Noticed a brown ugly thing
 10231 | D:11     | Killed a brown ugly thing
 10632 | D:11     | Noticed a hill giant
 10636 | D:11     | Reached skill level 5 in Translocations
 10651 | D:11     | Killed a hill giant
 10731 | D:11     | Noticed Sonja
 11134 | Lair:1   | Entered Level 1 of the Lair of Beasts
 11289 | Lair:1   | Learned a level 3 spell: Ozocubu's Armour
 11336 | Lair:1   | Reached skill level 1 in Dodging
 11410 | Lair:1   | Reached skill level 1 in Ice Magic
 11813 | Lair:2   | Noticed Erica
 11817 | Lair:2   | Noticed a seven-headed hydra
 11818 | Lair:2   | Killed Erica
 12443 | Lair:2   | Reached XP level 12. HP: 79/89 MP: 16/16
 12475 | Lair:2   | Reached *** piety under Ashenzari
 13480 | Lair:3   | Found a frozen archway.
 13508 | IceCv    | Entered an ice cave
 14787 | IceCv    | Got the glaive of Ficrul {pain, rN+}
 16089 | Lair:4   | Reached skill level 5 in Dodging
 16139 | Lair:4   | Found a staircase to the Snake Pit.
 16158 | Lair:4   | Reached skill level 5 in Ice Magic
 16493 | Lair:4   | Reached **** piety under Ashenzari
 16497 | Lair:4   | Found a staircase to the Shoals.
 16811 | Lair:5   | Noticed Rupert
 16870 | Lair:5   | Killed Rupert
 16870 | Lair:5   | Reached skill level 5 in Maces & Flails
 16870 | Lair:5   | Gained mutation: You have claws for hands. [demonic ancestry]
 16870 | Lair:5   | Reached XP level 13. HP: 77/94 MP: 17/17
 17169 | Lair:5   | Noticed Urug
 17234 | Lair:5   | Killed Urug
 17906 | Lair:6   | Entered Level 6 of the Lair of Beasts
 18814 | Lair:5   | HP: 3/94 [ten-headed hydra (13)]
 18814 | Lair:5   | Mangled by a ten-headed hydra

Skill      XL: |  1  2  3  4  5  6  7  8  9 10 11 12 |
---------------+-------------------------------------+-----
Long Blades    | 2 3 |  3.1
Charms         | 3 5 6 7 8 9 |  9.9
Fighting       | 3 5 6 |  6.5
Spellcasting   | 3 |  3.2
Shields        | 3 4 6 8 9 |  9.1
Maces & Flails | 1 2 5 |  5.5
Axes           | 2 4 7 8 9 |  9.8
Translocations | 3 5 |  5.3
Dodging        | 3 5 |  5.9
Ice Magic      | 3 5 |  5.8
Armour         | |  0.8

Action                   |  1- 3 |  4- 6 |  7- 9 | 10-12 | 13-15 || total
-------------------------+-------+-------+-------+-------+-------++-------
Melee: Falchion          |   121 |    12 |       |       |       ||   133
       War axe           |       |   121 |   217 |   665 |    30 ||  1033
       Flail             |       |       |       |    28 |    36 ||    64
Throw: Tomahawk          |       |     7 |     5 |    15 |     3 ||    30
       Throwing net      |       |       |       |       |     1 ||     1
 Cast: Infusion          |     8 |     4 |     8 |    36 |     6 ||    62
       Song of Slaying   |     2 |     7 |     2 |    13 |     1 ||    25
       Shroud of Golubri |       |     3 |     2 |    37 |     8 ||    50
       Ozocubu's Armour  |       |       |       |     4 |     2 ||     6
Invok: Curse Item        |       |       |     2 |     3 |       ||     5
       Scrying           |       |       |       |     3 |       ||     3
Evoke: Wand              |       |       |     6 |     4 |     3 ||    13
  Use: Scroll            |     5 |     3 |     6 |    10 |     5 ||    29
       Potion            |       |       |     3 |     7 |       ||    10
 Stab: Sleeping          |       |     1 |     1 |     6 |       ||     8
       Distracted        |       |     1 |       |     3 |     2 ||     6
       Paralysed         |       |       |     3 |       |       ||     3
  Eat: Chunk             |     2 |     5 |    14 |    17 |     4 ||    42
       Bread ration      |       |     1 |       |     3 |     1 ||     5
Armor: Leather armour    |    50 |    44 |    91 |   230 |    35 ||   450
Dodge: Dodged            |   101 |    97 |    77 |   253 |    51 ||   579
Block: Shield            |       |     6 |    99 |   364 |    68 ||   537
       Rpst.: Falchion   |    37 |     6 |       |       |       ||    43
